 Dungeon Crawl Stone Soup version 0.19.0-1-g5985abe (webtiles) character file.

2881 Ladykiller69 the Carver (level 9, 0/69 HPs)
             Began as a Minotaur Gladiator on Nov 2, 2016.
             Was a Follower of Nemelex Xobeh.
             Slain by a bullfrog (2 damage)
             ... on level 7 of the Dungeon.
             The game lasted 00:24:49 (5934 turns).

Ladykiller69 the Carver (Minotaur Gladiator)        Turns: 5934, Time: 00:24:50

Health: 0/69       AC:  8    Str: 19    XL:     9   Next: 48%
Magic:  11/11      EV: 16    Int:  5    God:    Nemelex Xobeh [*.....]
Gold:   398        SH:  0    Dex: 15    Spells: 0 memorised, 8 levels left

rFire  . . .     SeeInvis +     a - +0 long sword
rCold  . . .     Gourm    .     b - +0 leather armour
rNeg   . . .     Faith    .     (no shield)
rPois  .         Spirit   .     c - +0 hat
rElec  .         Reflect  .     N - +0 cloak
rCorr  .         Harm     .     F - +0 pair of gloves
MR     .....                    B - +0 pair of boots
Stlth  +.........               (no amulet)
                                A - ring of see invisible
                                y - +1 ring of protection

@: no status effects
A: retaliatory headbutt, horns 2
a: Renounce Religion


You were on level 7 of the Dungeon.
You worshipped Nemelex Xobeh.
Nemelex Xobeh was aware of your devotion.
You were not hungry.

You visited 2 branches of the dungeon, and saw 9 of its levels.

You collected 398 gold pieces.

Inventory:

Hand Weapons
 a - a +0 long sword (weapon)
 L - a +2 dagger of electrocution
Missiles
 d - 3 throwing nets
 h - 312 stones
 I - 11 tomahawks (quivered)
Armour
 b - a +0 leather armour (worn)
 c - a +0 hat (worn)
 B - a +0 pair of boots (worn)
 F - a +0 pair of gloves (worn)
 N - a +0 cloak (worn)
 P - a +0 plate armour
Jewellery
 y - a +1 ring of protection (left hand)
 A - a ring of see invisible (right hand)
 U - an uncursed ring of ice
Wands
 M - a wand of polymorph (5/24)
 O - a wand of paralysis (4/24)
 W - a wand of digging (16/24)
Scrolls
 g - 8 scrolls of identify {unknown}
 j - 3 scrolls of teleportation {unknown}
 m - 4 scrolls of noise {unknown}
 q - 2 scrolls of amnesia {unknown}
 r - a scroll of enchant weapon {unknown}
 s - a scroll of random uselessness {unknown}
 t - a scroll of enchant armour {unknown}
 v - 4 scrolls of immolation {unknown}
 w - 2 scrolls of fear {unknown}
 C - a scroll of recharging {unknown}
 G - a scroll of remove curse {unknown}
 K - 2 scrolls of blinking {unknown}
 Q - a scroll of holy word {unknown}
Potions
 e - a potion of flight {unknown}
 i - a potion of beneficial mutation {unknown}
 l - a potion of ambrosia {unknown}
 o - 2 potions of lignification {unknown}
 x - a potion of heal wounds {unknown}
 z - a potion of cure mutation {unknown}
 H - a potion of degeneration {unknown}
 J - 2 potions of curing {unknown}
 R - a potion of cancellation {unknown}
 S - a potion of mutation {unknown}
 T - a potion of might {unknown}
Miscellaneous
 D - a plain deck of summoning {drawn: 7}
 E - a legendary deck of destruction {drawn: 2}
Comestibles
 f - 7 bread rations
 k - 3 meat rations
 n - 2 slices of pizza
 p - 7 fruits
 u - 2 beef jerkies
 V - a chunk of flesh


   Skills:
 - Level 3.0 Fighting
 * Level 10.8 Long Blades
 - Level 2.0 Throwing
 + Level 7.2 Armour
 + Level 7.3 Dodging
 + Level 4.6 Invocations


You had 8 spell levels left.
You didn't know any spells.

Dungeon Overview and Level Annotations

Branches:
Dungeon (8/15)             Temple (1/1) D:4
   Lair: D:8-11

Altars:
Ashenzari
Cheibriados
Dithmenos
Elyvilon
Fedhas
Gozag
Hepliaklqana
Kikubaaqudgha
Makhleb
Nemelex Xobeh
Qazlal
Ru
Sif Muna
Trog
Uskayaw
Vehumet
Xom
Yredelemnul
Zin
The Shining One
Beogh

Shops:
D:4 }


Innate Abilities, Weirdness & Mutations

You reflexively headbutt those who attack you in melee.
You have a pair of horns on your head.


Message History

The bullfrog croaks.
You slash the bullfrog!
The bullfrog is moderately wounded.
The bullfrog hits you.
* * * LOW HITPOINT WARNING * * *
You miss the bullfrog.
The bullfrog is moderately wounded.
The bullfrog hits you.
* * * LOW HITPOINT WARNING * * *
You barely miss the bullfrog.
The bullfrog is moderately wounded.
The bullfrog hits you but does no damage.
The bullfrog hits you.
* * * LOW HITPOINT WARNING * * *
Evoke which item? (* to show all) (? for menu, Esc to quit)
You draw a card...
It is Pain.
You have drawn Pain.
Your flayed ghost cries, "Suffer as I suffered!"
The bullfrog hits you.
You die...
Your body glows slightly and disappears.

### ### ### #######.#
#.##### #.# #.....>.#
#.....######.#
####.##W####.###.#......#
#..).@F.....#.#.####.#
###.#####.#.#.#.# #.# #.#
#.#.#.#.####.#
###.#####.#.#.#.......
#.......#.#†#.#....#.#
#.#.###.#.#.#.#.##.#..
#.#.# #..........#.###
#.#.#####.#.#....#.###
#.#..............#.#..


You could see a bullfrog and a friendly flayed ghost.

Vanquished Creatures
  Prince Ribbit (D:5)
  A hippogriff (D:6)
  An orc warrior (D:7)
  An ice beast (D:8)
  2 ogres (D:7)
  A black bear (D:7)
  A centaur (D:7)
  A big kobold (D:6)
  A gnoll sergeant (D:7)
  3 bullfrogs
  A scorpion (D:7)
  2 howler monkeys
  2 vampire bats (D:5)
  2 crimson imps (D:5)
  A bullfrog zombie (D:7)
  A hound (D:4)
  A quasit (D:6)
  5 orc priests
  A jelly (D:6)
  5 orc wizards
  7 worker ants
  A worker ant zombie (D:7)
  7 gnolls
  10 adders
  An ooze (D:3)
  An adder skeleton (D:4)
  2 worms (D:3)
  7 dart slugs
  5 leopard geckos
  26 orcs
  2 bat skeletons (D:5)
  3 bat zombies (D:5)
  10 giant cockroaches
  13 hobgoblins
  18 jackals
  10 kobolds
  5 quokkas
  9 bats
  5 frilled lizards
  6 goblins
  9 rats
191 creatures vanquished.

Vanquished Creatures (collateral kills)
  The ghost of bworf the Slasher, a novice HaSk of Uskayaw (D:7)
  2 orc warriors
  2 ogres
  A bullfrog zombie (D:6)
  An orc wizard (D:6)
  4 orcs (D:5)
11 creatures vanquished.

Vanquished Creatures (others)
  An adder (D:5)
1 creature vanquished.

Grand Total: 203 creatures vanquished

Notes
Turn   | Place    | Note
-------+----------+-------------------------------------------
     0 | D:1      | Ladykiller69 the Minotaur Gladiator began the quest for the Orb.
     0 | D:1      | Reached XP level 1. HP: 18/18 MP: 0/0
    63 | D:1      | Reached XP level 2. HP: 16/25 MP: 1/1
   281 | D:1      | Reached skill level 4 in Long Blades
   495 | D:1      | Reached XP level 3. HP: 30/31 MP: 2/2
  1009 | D:2      | Found a sacrificial altar of Ru.
  1265 | D:2      | Reached XP level 4. HP: 36/38 MP: 3/3
  1267 | D:2      | Found an opulent altar of Gozag.
  1267 | D:2      | Found a faded altar of an unknown god.
  1285 | D:2      | Found a faded altar of an unknown god.
  1288 | D:2      | Found a bloodstained altar of Trog.
  1291 | D:2      | Found a faded altar of an unknown god.
  1383 | D:2      | Reached skill level 1 in Armour
  1751 | D:3      | Reached skill level 5 in Long Blades
  1768 | D:3      | Reached XP level 5. HP: 30/45 MP: 4/4
  2436 | D:3      | Found a shattered altar of Ashenzari.
  2660 | D:4      | Reached skill level 6 in Long Blades
  2660 | D:4      | Reached XP level 6. HP: 41/51 MP: 5/5
  2736 | D:4      | Found a staircase to the Ecumenical Temple.
  2776 | D:4      | Found a burning altar of Makhleb.
  2779 | D:4      | Found Fussatops's Gadget Emporium.
  2790 | Temple   | Entered the Ecumenical Temple
  2835 | Temple   | Became a worshipper of Nemelex Xobeh the Trickster
  2852 | D:4      | Received a gift from Nemelex Xobeh
  2880 | D:4      | Reached skill level 5 in Dodging
  3017 | D:5      | Entered Level 5 of the Dungeon
  3243 | D:5      | Reached skill level 7 in Long Blades
  3289 | D:5      | Found a radiant altar of Vehumet.
  3318 | D:5      | Noticed Prince Ribbit
  3327 | D:5      | Killed Prince Ribbit
  3327 | D:5      | Reached skill level 1 in Invocations
  3327 | D:5      | Reached XP level 7. HP: 57/57 MP: 6/6
  3376 | D:5      | Found a hazy altar of Hepliaklqana.
  3548 | D:5      | Found an ancient bone altar of Kikubaaqudgha.
  3550 | D:5      | Reached skill level 8 in Long Blades
  3693 | D:6      | Reached XP level 8. HP: 61/63 MP: 8/8
  3763 | D:6      | Noticed a hippogriff
  3773 | D:6      | Killed a hippogriff
  3773 | D:6      | Reached skill level 5 in Armour
  3778 | D:6      | Reached * piety under Nemelex Xobeh
  3778 | D:6      | Received a gift from Nemelex Xobeh
  4003 | D:6      | Reached skill level 9 in Long Blades
  4053 | D:6      | Found a stormy altar of Qazlal.
  4167 | D:6      | Found a snail-covered altar of Cheibriados.
  4443 | D:7      | Noticed bworf's ghost (novice HaSk)
  4620 | D:7      | Found a glowing silver altar of Zin.
  4711 | D:7      | Killed bworf's ghost
  4974 | D:7      | Reached XP level 9. HP: 69/69 MP: 10/10
  5047 | D:7      | Reached skill level 10 in Long Blades
  5745 | D:8      | Found a roughly hewn altar of Beogh.
  5934 | D:7      | Slain by a bullfrog

Skill      XL: |  1  2  3  4  5  6  7  8  9 |
---------------+----------------------------+-----
Long Blades    | 4 5 6 7 8 9 10 | 10.8
Fighting       | 3 |  3.0
Dodging        | 4 5 6 7 |  7.3
Armour         | 1 2 4 6 7 |  7.2
Invocations    | 1 2 3 4 |  4.6
Throwing       | |  2.0

Action                   |  1- 3 |  4- 6 |  7- 9 || total
-------------------------+-------+-------+-------++-------
Melee: Long sword        |    73 |   128 |   239 ||   440
       Headbutt          |    18 |    29 |    55 ||   102
Throw: Tomahawk          |       |       |     2 ||     2
Evoke: Deck              |       |       |     9 ||     9
       Wand              |       |       |     1 ||     1
 Stab: Sleeping          |       |     1 |       ||     1
       Distracted        |       |       |     2 ||     2
  Eat: Chunk             |     1 |     7 |     9 ||    17
Armor: Leather armour    |    15 |    24 |    60 ||    99
Dodge: Dodged            |    50 |    83 |   152 ||   285
       Rpst.: Long sword |    11 |    15 |    46 ||    72
